 Dungeon Crawl Stone Soup version 0.30-a0-137-gd8773701ce (webtiles) character file.

Game seed: 9025994041808544877

6309 funkygono the Thaumaturge (level 11, -11/85 HPs)
             Began as a Meteoran Fire Elementalist on Sept 22, 2022.
             Was a Follower of Vehumet.
             Mangled by a troll (13 damage)
             ... on level 9 of the Dungeon.
             The game lasted 00:24:09 (4505 turns).

funkygono the Thaumaturge (MeFE)                    Turns: 4505, Time: 00:24:10

Health: -11/85     AC:  4    Str: 11    XL:     11   Next: 38%
Magic:  2/27       EV: 15    Int: 20    God:    Vehumet [*.....]
Gold:   164        SH:  0    Dex: 15    Spells: 22/32 levels left

rFire   . . .      SeeInvis .    e - +0 whip
rCold   . . .      Faith    .    (no shield)
rNeg    . . .      Spirit   .    a - +0 robe
rPois   .          Reflect  .    i - +0 helmet
rElec   .          Harm     .    l - +0 cloak
rCorr   .          Rampage  .    (no gloves)
Will    +....                    (no boots)
Stlth   +.........               (no amulet)
HPRegen 0.24/turn                (no ring)
MPRegen 0.20/turn                (no ring)

@: hasted, glowing, very quick
A: sense surroundings 2, otherworldly, glowing, explore regen
a: Renounce Religion


You were on level 9 of the Dungeon.
You worshipped Vehumet.
Vehumet was aware of your devotion.
You visited 2 branches of the dungeon, and saw 10 of its levels.
You also visited: Ossuary.

You collected 385 gold pieces.
You spent 221 gold pieces at shops.

Inventory:

Hand Weapons
 e - a +0 whip (weapon)
 n - a +0 flail
 y - the +9 halberd of the Fray {venom, +Blink Will+ Dex+2 Stlth+}
   (You found it on level 7 of the Dungeon)

   It poisons the flesh of those it strikes.
   Dex:       It affects your dexterity (+2).
   +Blink:    It lets you blink.
   Will:      It increases your willpower.
   Stlth:     It makes you more stealthy.
 C - a +3 quarterstaff of chaos
Missiles
 k - 2 throwing nets
Armour
 a - a +0 robe (worn)
 i - a +0 helmet (worn)
 j - a +0 scale mail
 l - a +0 cloak (worn)
 B - a +0 cloak
Wands
 m - a wand of roots (11)
 o - a wand of mindburst (14)
 v - a wand of flame (29)
 F - a wand of paralysis (3)
Scrolls
 h - 2 scrolls of enchant weapon {unknown}
 q - 2 scrolls of teleportation
 r - a scroll of enchant armour {unknown}
 s - a scroll of amnesia {unknown}
 t - 2 scrolls of poison {unknown}
 u - 2 scrolls of torment {unknown}
 x - a scroll of magic mapping {unknown}
 E - a scroll of blinking {unknown}
Potions
 b - 3 potions of brilliance
 c - 4 potions of mutation
 d - 5 potions of haste
 f - a potion of degeneration {unknown}
 g - 5 potions of curing
 p - 4 potions of attraction
 w - a potion of might {unknown}
 z - a potion of lignification {unknown}
 D - a potion of cancellation {unknown}


   Skills:
 + Level 4.5 Fighting
 + Level 5.4 Maces & Flails
 + Level 6.9 Dodging
 + Level 2.4 Stealth
 + Level 11.1 Spellcasting
 + Level 7.3 Conjurations
 + Level 10.7 Fire Magic


You had 22 spell levels left.
You knew the following spells:

 Your Spells              Type           Power      Damage    Failure   Level
a - Foxfire               Conj/Fire      100%       2x1d9     1%          1
b - Scorch                Fire           100%       2d10      1%          2
c - Kindle Blastsparks    Fire/Tloc/Air  50%        2d14      4%          3
d - Flame Wave            Conj/Fire      47%        2d12      1%          4

Your spell library contained the following spells:

 Spells                   Type           Power      Damage    Failure   Level
 Shock                    Conj/Air       100%       1d9       1%          1
 Inner Flame              Hex/Fire       32%        N/A       1%          3
 Gell's Gravitas          Tloc           11%        N/A       19%         3
 Teleport Other           Tloc           11%        N/A       19%         3
 Dispersal                Tloc           5%         N/A       100%        6


Dungeon Overview and Level Annotations

Branches:
Dungeon (9/15) Zot: 1402   Temple (1/1) D:5 Zot: 476 Ossuary (visited)
   Lair: D:8-11         Orc: D:9-12

Altars:
Ashenzari
Dithmenos
Gozag
Hepliaklqana
Makhleb
Nemelex Xobeh
Sif Muna
Trog
Uskayaw
Vehumet
Wu Jian
Xom
Yredelemnul
Zin
The Shining One

Shops:
D:6 !   D:9 =


Innate Abilities, Weirdness & Mutations

You passively map the area around you.
You are easily found by Zot.
You glow in the dark.
You regain HP and MP as you explore.


Message History

The troll is moderately wounded.
The foxfire hits the troll.
The troll is moderately wounded.
You completely miss the troll.
The troll is moderately wounded.
The troll closely misses you. The troll claws you!
* * * LOW HITPOINT WARNING * * *
The troll barely misses you.
Casting: Scorch (safe; 1% risk of failure)
Confirm with . or Enter, or press ? or * to list all spells.
You conjure some foxfire!
The troll bites you!
* * * LOW HITPOINT WARNING * * *
The troll claws you.
* * * LOW HITPOINT WARNING * * *
The troll claws you but does no damage.
You feel much better.
The foxfire hits the troll!
The troll is burned terribly!
The troll is severely wounded.
The foxfire hits the troll.
The troll is burned terribly!
The troll is severely wounded.
The troll bites you but does no damage. The troll barely misses you.
The troll claws you!
Casting: Foxfire (safe; 1% risk of failure)
Confirm with . or Enter, or press ? or * to list all spells.
Flames lash the troll.
The troll is burned terribly!
The troll is almost dead.
The troll closely misses you. The troll claws you!
* * * LOW HITPOINT WARNING * * *
The troll closely misses you.
You barely miss the troll.
The troll is almost dead.
The troll misses you. The troll claws you.
* * * LOW HITPOINT WARNING * * *
The troll closely misses you.
The wight hits you with a +0 great sword!
* * * LOW HITPOINT WARNING * * *
You feel yourself speed up. The troll bites you but does no damage.
The troll closely misses you. The troll claws you but does no damage.
The wight completely misses you. The troll bites you!
You die...

#.<).....##.#####.# *
#.$##............######.
,
#.#####........#........
#. ##......#.####### #.
......#.# .. ......#.#
.. * ...(..z)# ..* ,
.....)T.# ....#..@# **
,,..# #..<# , , , ,,,,,
. #....# ,, * ,, ,
*#.....# * , ,,,, ,
*,........ ** ***
...###... ,, * , ###
###. , , , * *, *##, , *
,** ,


You could see a troll (combustible) and a wight.

Vanquished Creatures
  The ghost of Xoff the Thaumaturge, a novice GnHW of Vehumet (D:8)
  Grinder (D:6)
  Sigmund (D:3)
  The ghost of kagamino the Magician, an amateur DEAE of Lugonu (D:5)
  6 yaks (D:9)
  Menkaure (D:4)
  A steam dragon (D:9)
  4 vampire mosquitoes (D:7)
  4 water moccasins
  Duvessa (D:6)
  2 ice beasts
  4 black bears
  A sky beast (D:8)
  2 centaurs (D:9)
  A phantom (D:5)
  A kobold brigand (D:7)
  4 bullfrogs
  3 elf zombies (Ossuary)
  2 necrophages
  3 scorpions
  5 wights
  Dowan (D:6)
  A howler monkey (D:5)
  7 centaur zombies (Ossuary)
  Crazy Yiuf (D:7)
  4 jellies
  A gnoll bouda (D:5)
  2 human zombies (Ossuary)
  3 orc priests
  3 centaur skeletons (D:8)
  2 hounds
  Ijyb (D:5)
  2 orc wizards
  2 iguanas (D:5)
  3 mummies
  7 gnolls
  8 adders
  A shadow imp (D:6)
  2 white imps
  4 worms
  3 dart slugs
  14 orcs
  3 endoplasms
  4 giant cockroaches
  3 goblins
  13 hobgoblins
  5 quokkas
  10 ball pythons
  3 bats (D:2)
  4 frilled lizards
  11 kobolds
  4 rats
181 creatures vanquished.

Vanquished Creatures (others)
  434 foxfires
  3 fungi (D:9)
  3 plants (D:9)
440 creatures vanquished.

Grand Total: 621 creatures vanquished

Notes
Turn   | Place    | Note
-------+----------+-------------------------------------------
     0 | D:1      | funkygono the Meteoran Fire Elementalist began the quest
                  | for the Orb.
     0 | D:1      | Reached XP level 1. HP: 14/14 MP: 5/5
    54 | D:1      | Reached XP level 2. HP: 20/20 MP: 2/6
   144 | D:1      | Reached skill level 3 in Spellcasting
   155 | D:1      | Reached XP level 3. HP: 14/26 MP: 4/8
   158 | D:1      | Learned a level 2 spell: Scorch
   162 | D:1      | Learned a level 3 spell: Kindle Blastsparks
   457 | D:2      | Reached XP level 4. HP: 30/33 MP: 6/9
   514 | D:3      | Noticed Sigmund
   519 | D:3      | Killed Sigmund
   520 | D:3      | Reached skill level 1 in Maces & Flails
   520 | D:3      | Reached skill level 4 in Spellcasting
   520 | D:3      | Reached skill level 5 in Fire Magic
   520 | D:3      | Reached XP level 5. HP: 28/39 MP: 4/12
   520 | D:3      | Reached XP level 6. HP: 33/46 MP: 4/13
   700 | D:3      | Reached skill level 1 in Fighting
   721 | D:3      | Found a faded altar of an unknown god.
  1106 | D:4      | Reached XP level 7. HP: 52/52 MP: 12/15
  1111 | D:4      | Learned a level 4 spell: Flame Wave
  1113 | D:4      | Noticed Menkaure
  1120 | D:4      | Killed Menkaure
  1121 | D:4      | Reached skill level 5 in Spellcasting
  1140 | D:4      | Found a hide-covered altar of Uskayaw.
  1145 | D:4      | Noticed a +0 dagger
  1145 | D:4      | Noticed a +0 dagger
  1552 | D:5      | Entered Level 5 of the Dungeon
  1561 | D:5      | Reached XP level 8. HP: 32/59 MP: 6/17
  1575 | D:5      | Noticed Ijyb
  1582 | D:5      | Killed Ijyb
  1592 | D:5      | Reached skill level 6 in Spellcasting
  1592 | D:5      | Reached skill level 5 in Conjurations
  1624 | D:5      | Found an opulent altar of Gozag.
  1720 | D:5      | Found a bloodstained altar of Trog.
  1834 | D:5      | Found a runed translucent gate.
  1835 | D:5      | Found a runed translucent gate.
  1835 | D:5      | Found an opulent altar of Gozag.
  1836 | D:5      | Found a runed translucent gate.
  1837 | D:5      | Noticed kagamino's ghost (amateur DEAE)
  1850 | D:5      | Killed kagamino's ghost
  1851 | D:5      | Gained mutation: You passively map the area around you.
                  | [Meteoran growth]
  1851 | D:5      | Reached XP level 9. HP: 16/67 MP: 5/20
  1969 | D:6      | Reached skill level 7 in Spellcasting
  2089 | D:6      | Found a burning altar of Makhleb.
  2153 | D:6      | Found a broken altar of Ashenzari.
  2177 | D:6      | Found a sand-covered staircase.
  2187 | Ossuary  | Entered an ossuary
  2336 | Ossuary  | Reached skill level 8 in Spellcasting
  2680 | D:6      | Noticed Grinder
  2685 | D:6      | Paralysed by Grinder for 4 turns
  2690 | D:6      | Killed Grinder
  2691 | D:6      | Reached skill level 5 in Dodging
  2767 | D:7      | Reached XP level 10. HP: 77/77 MP: 21/23
  2804 | D:7      | Reached skill level 5 in Maces & Flails
  2804 | D:7      | Reached skill level 9 in Spellcasting
  2835 | D:7      | HP: 2/78 [black bear (2)]
  2947 | D:7      | Identified the +9 halberd of the Fray {venom, +Blink Will+
                  | Dex+2 Stlth+}
  3032 | D:6      | Found Vigg's Distillery.
  3040 | D:6      | Noticed Dowan
  3048 | D:6      | Killed Dowan
  3057 | D:6      | Noticed Duvessa
  3071 | D:6      | Killed Duvessa
  3172 | D:5      | Found a staircase to the Ecumenical Temple.
  3178 | Temple   | Entered the Ecumenical Temple
  3268 | Temple   | Became a worshipper of Vehumet
  3383 | D:6      | Bought a potion of heal wounds for 65 gold pieces
  3383 | D:6      | Bought a potion of curing for 39 gold pieces
  3383 | D:6      | Bought a potion of curing for 39 gold pieces
  3383 | D:6      | Bought a potion of curing for 39 gold pieces
  3383 | D:6      | Bought a potion of curing for 39 gold pieces
  3656 | D:7      | Found a runed translucent door.
  3657 | D:7      | Noticed Crazy Yiuf
  3665 | D:7      | Killed Crazy Yiuf
  3666 | D:7      | Reached skill level 10 in Spellcasting
  3797 | D:8      | Found a runed translucent gate.
  3798 | D:8      | Found a runed translucent gate.
  3799 | D:8      | Found a runed translucent gate.
  3802 | D:8      | Noticed Xoff's ghost (novice GnHW)
  3837 | D:8      | Killed Xoff's ghost
  3838 | D:8      | Reached XP level 11. HP: 64/84 MP: 1/26
  4101 | D:8      | Reached skill level 10 in Fire Magic
  4265 | D:8      | Reached * piety under Vehumet
  4265 | D:8      | Offered knowledge of Shock by Vehumet.
  4351 | D:8      | Found a shadowy altar of Dithmenos.
  4456 | D:9      | Found Nealuluedo's Jewellery Emporium.
  4486 | D:9      | Reached skill level 11 in Spellcasting
  4503 | D:9      | HP: 1/85 [wight/+0 great sword (14)]
  4505 | D:9      | Mangled by a troll

Illustrated notes

Levels and vault maps discovered:
D:1:      dpeg_arrival_pits, layout_basic
D:2:      layout_rooms
D:3:      layout_basic, ebering_ecumenical_altar_abandoned, uniq_sigmund
D:4:      layout_rooms, dancing_weapons_uskayaw, hex_intersection,
          minmay_liquid_box, uniq_menkaure
D:5:      layout_cave_pools, grunt_gozag_breadcrumbs, lemuel_crystal_altar,
          minmay_temple_entry_fiery, ebering_ghost_gozag, uniq_ijyb
D:6:      layout_loops_ring, mainiacjoe_overflow_six_doors_small,
          makhleb_grotto_becter, serial_shops, shop, gup_ossuary_entry_pyramid,
          nrook_uturn, minivault_25, fountainhead,
          nicolae_concentric_dashed_squares_wild, st_stairs_6, uniq_grinder,
          uniq_duvessa
D:7:      layout_basic, uniq_crazy_yiuf_cottage
D:8:      layout_basic, fedhas_altar_fruit_tree, mainiacjoe_overflow_alcove_2,
          gammafunk_ghost_necromancy
D:9:      layout_layer_cave, nicolae_kikubaaqudgha_miasma_corner,
          jmf_multi_god_temple, dpeg_oklobed_lair, enter_bailey_5,
          nicolae_take_the_stairs, feat_on_display
Temple:   grunt_temple_mini_profane

Skill      XL: |  1  2  3  4  5  6  7  8  9 10 11 |
---------------+----------------------------------+-----
Fire Magic     | 4 5 6 7 8 9 10 | 10.7
Spellcasting   | 3 4 5 6 8 10 11 | 11.1
Conjurations   | 2 3 4 5 6 7 |  7.3
Maces & Flails | 1 4 5 |  5.4
Fighting       | 1 2 3 4 |  4.5
Stealth        | 2 |  2.4
Dodging        | 3 5 6 |  6.9

Action                   |  1- 3 |  4- 6 |  7- 9 | 10-12 || total
-------------------------+-------+-------+-------+-------++-------
Melee: Unarmed           |     3 |       |       |       ||     3
       Dagger            |     5 |       |       |       ||     5
       Whip              |     8 |     9 |   116 |    54 ||   187
       Punch             |       |       |     5 |       ||     5
 Cast: Foxfire           |    56 |    37 |    76 |    81 ||   250
       Scorch            |       |     6 |    24 |    46 ||    76
       Flame Wave        |       |       |    11 |     9 ||    20
  Use: Scroll            |       |       |     8 |     2 ||    10
       Potion            |       |       |     4 |     5 ||     9
Armor: Robe              |     5 |     4 |    98 |    47 ||   154
Dodge: Dodged            |    13 |    13 |   187 |   136 ||   349

Table legend: (Time is in decaauts)
 A = Elapsed time spent in this place.
 B = Non-inter-level travel time spent in this place.
 C = Inter-level travel time spent in this place.
 D = Time resting spent in this place.
 E = Time spent auto-exploring this place.
 F = Levels seen in this place.
 G = Mean time per level.
                   A        B        C        D        E       F      G
               +--------+--------+--------+--------+--------+-----+--------+
         Total |   4494 |   4251 |    243 |    235 |     55 |  11 |  408.5 |
       Dungeon |   3996 |   3753 |    243 |     35 |     55 |   9 |  444.0 |
        Temple |    123 |    123 |      0 |      0 |      0 |   1 |  123.0 |
       Ossuary |    373 |    373 |      0 |    200 |      0 |   1 |  373.0 |
               +--------+--------+--------+--------+--------+-----+--------+

Top non-repeatable levels by time:
     D:8: 643 daAuts
     D:6: 634 daAuts
     D:7: 567 daAuts
     D:3: 544 daAuts
     D:5: 534 daAuts
     D:4: 498 daAuts
 Ossuary: 373 daAuts
     D:1: 278 daAuts
     D:2: 230 daAuts
  Temple: 123 daAuts
     D:9: 65 daAuts
